Map: Lost and Found LE

Players

Goldfist - Winner!

  • Race: Zerg Zerg
  • Spawn Location: 7:00

CAPVAM

  • Race: Terran Terran
  • League: Platinum
  • Spawn Location: 1:00

VOD

Have the link to the VOD?

Description

Great memes

Time

  • Played on: Oct. 6, 2018, 4:07 p.m.
  • Length: 17:33
Show
View Real Time Build Order
Export as new Build Order

Goldfist Zerg - Winner!

Build Orders: Hatch First 

Get SALT Encoding   

  12  0:00  Drone  
  13  0:12  Overlord  
  13  0:18  Drone  
  14  0:31  Drone x2  
  14  0:35  Drone  
  17  0:54  Hatchery  
  16  0:57  Drone  
  16  0:59  Drone  
  18  1:04  Extractor  
  17  1:17  Spawning Pool  
  16  1:19  Drone  
  16  1:23  Drone  
  18  1:30  Drone  
  19  1:42  Overlord  
  19  2:01  Drone  
  20  2:08  Queen  
  20  2:09  Queen  
  20  2:11  Metabolic Boost  
  24  2:19  Zergling x2  
  24  2:20  Zergling x2  
  26  2:27  Drone x2  
  28  2:36  Baneling Nest  
  27  2:37  Drone  
  28  2:56  Drone  
  28  2:57  Queen  
  31  3:00  Drone x4  
  35  3:11  Overlord  
  35  3:30  Zergling x8  
  35  3:32  Hatchery  
  35  3:33  Drone  
  39  3:35  Drone  
  39  3:37  Drone  
  40  3:46  Queen  
  40  3:48  Overlord  
  42  3:55  Lair  
  43  4:02  Drone  
  43  4:08  Drone x2  
  46  4:10  Drone x2  
  47  4:17  Zergling x6  
  47  4:18  Overlord x2  
  50  4:36  Overlord x3  
  50  4:56  Drone x2  
  50  4:57  Drone  
  50  4:58  Queen, Evolution Chamber  
  50  4:59  Evolution Chamber  
  53  5:02  Extractor  
  53  5:05  Drone x2  
  54  5:07  Zergling x8  
  54  5:08  Zergling x10  
  54  5:09  Roach Warren  
  54  5:12  Overseer  
  62  5:27  Zerg Missile Weapons Level 1  
  62  5:35  Drone x3  
  66  5:37  Hydralisk Den  
  65  5:50  Overlord x2  
  65  5:51  Drone  
  65  5:52  Drone x10  
  65  5:56  Queen  
  78  5:59  Queen  
  80  6:13  Muscular Augments  
  80  6:16  Drone x3  
  80  6:17  Extractor  
  82  6:19  Extractor  
  70  6:37  Drone  
  70  6:38  Drone x12  
  81  6:47  Drone  
  81  6:51  Drone  
  81  6:52  Drone  
  81  6:53  Extractor  
  82  6:54  Hatchery  
  82  6:58  Extractor  
  80  7:07  Extractor  
  79  7:10  Extractor  
  79  7:12  Zergling x2  
  79  7:13  Zergling x10  
  84  7:16  Overlord  
  84  7:32  Grooved Spines  
  84  7:33  Zerg Missile Weapons Level 2, Zerg Ground Armor Level 1  
  84  7:34  Infestation Pit  
  83  7:38  Drone x3  
  76  7:56  Overlord x2  
  76  8:09  Hydralisk x10  
  76  8:10  Queen  
  76  8:11  Overlord x5  
  98  8:13  Drone x3  
  101  8:28  Zergling x2  
  101  8:29  Zergling x16  
  101  8:34  Hive  
  110  8:38  Drone  
  111  8:44  Hydralisk x6  
  111  8:46  Overlord x3  
  123  8:50  Overseer x2  
  123  8:57  Queen  
  123  8:59  Queen  
  127  9:09  Hydralisk x5  
  129  9:10  Hydralisk x4  
  145  9:19  Drone  
  146  9:27  Hydralisk  
  146  9:28  Hydralisk x6  
  135  10:24  Ultralisk Cavern, Drone x2  
  135  10:25  Spire  
  135  10:29  Hydralisk x5  
  145  10:39  Hydralisk  
  145  10:40  Hydralisk x13  
  173  10:50  Zerg Ground Armor Level 2  
  173  10:51  Zerg Missile Weapons Level 3  
  165  11:19  Zergling x12  
  165  11:20  Zergling x4  
  168  11:38  Chitinous Plating  
  168  11:41  Zerg Flyer Weapons Level 1  
  168  11:43  Corruptor  
  168  11:44  Corruptor x3  
  144  12:17  Ultralisk  
  144  12:18  Ultralisk x4  
  174  12:26  Zergling x2, Ultralisk  
  174  12:27  Zergling x12  
  174  12:28  Zergling x24  
  174  12:47  Hatchery  
  174  12:51  Drone  
  174  13:04  Neural Parasite  
  174  13:22  Baneling x14  
  174  14:23  Swarm Host  
  174  14:24  Drone  
  174  14:25  Zergling x2  
  174  15:24  Zerg Flyer Armor Level 1  
  174  15:47  Extractor  
  174  15:49  Extractor  
  174  15:50  Pneumatized Carapace  
  174  16:44  Corruptor  
Show
View Real Time Build Order
Export as new Build Order

CAPVAM Terran 

Build Orders: Mech 

Get SALT Encoding   

  12  0:01  SCV  
  13  0:13  SCV  
  14  0:18  Supply Depot  
  14  0:25  SCV  
  15  0:29  Refinery  
  15  0:39  SCV  
  16  0:46  Barracks  
  16  0:52  SCV  
  17  1:04  SCV  
  18  1:16  SCV  
  19  1:28  SCV  
  20  1:37  Command Center  
  20  1:38  Reaper  
  20  2:09  Supply Depot  
  20  2:12  SCV  
  20  2:13  Marine, Factory  
  22  2:24  SCV  
  22  2:25  Refinery  
  23  2:36  SCV  
  24  2:38  Barracks Reactor  
  24  3:04  Hellion  
  26  3:08  Armory  
  26  3:21  Orbital Command  
  26  3:26  Barracks Tech Lab  
  26  3:27  Command Center  
  25  3:54  Barracks Reactor  
  25  3:56  SCV  
  25  3:57  Factory  
  25  4:02  SCV  
  27  4:04  Refinery  
  27  4:08  Refinery, SCV  
  28  4:14  SCV  
  29  4:20  SCV  
  30  4:29  SCV  
  31  4:32  SCV  
  31  4:35  Hellion  
  31  4:36  Hellion  
  36  4:41  SCV  
  36  4:43  Marine x2  
  36  4:44  SCV  
  40  4:52  Bunker, SCV  
  41  4:53  SCV  
  41  4:56  SCV  
  43  5:02  Hellion  
  43  5:03  Hellion  
  43  5:04  SCV  
  43  5:05  SCV  
  49  5:09  SCV  
  50  5:16  SCV  
  50  5:17  SCV  
  52  5:27  Hellion x2  
  56  5:31  Orbital Command  
  56  5:49  Hellion x2  
  60  6:07  SCV  
  60  6:09  Siege Tank  
  60  6:10  Hellion x2  
  68  6:19  SCV  
  55  6:40  Hellion  
  55  6:41  Hellion, Siege Tank  
  55  6:46  Marine x2  
  64  7:01  Hellion  
  64  7:02  Factory  
  64  7:04  Marine x2  
  64  7:06  SCV  
  69  7:22  Marine, Thor, Supply Depot  
  69  7:23  SCV  
  69  7:24  Terran Vehicle Weapons Level 1  
  77  7:41  SCV  
  76  7:46  Supply Depot  
  72  7:54  SCV  
  72  7:56  Hellion x2  
  71  8:02  Command Center, Factory Tech Lab  
  71  8:04  Marine x2  
  73  8:06  SCV  
  73  8:10  Starport  
  73  8:11  Starport  
  74  8:14  Siege Tank  
  74  8:17  Hellion x2  
  74  8:18  SCV  
  82  8:20  Supply Depot  
  82  8:22  Marine  
  83  8:29  SCV  
  83  8:30  SCV  
  85  8:39  Hellion x2  
  85  8:41  SCV  
  90  8:42  SCV  
  90  8:44  Supply Depot  
  90  8:46  Siege Tank  
  94  8:52  Siege Tank  
  94  8:53  SCV  
  94  8:54  Hellion x3  
  94  8:55  Hellion x2  
  98  9:00  Hellion  
  100  9:04  SCV  
  100  9:05  SCV  
  100  9:06  Hellion  
  104  9:16  SCV  
  105  9:18  Siege Tank, SCV  
  105  9:19  Refinery  
  105  9:21  Hellion  
  111  9:24  Refinery, Siege Tank  
  111  9:26  Starport Tech Lab  
  111  9:27  Hellion, Starport Tech Lab  
  111  9:28  SCV  
  111  9:30  Engineering Bay  
  117  9:31  Armory  
  117  9:33  Terran Vehicle Weapons Level 2  
  117  9:50  Siege Tank  
  109  10:10  SCV  
  104  10:20  Terran Ship Weapons Level 1, Fusion Core  
  104  10:24  Armory  
  104  10:26  Planetary Fortress  
  104  10:34  SCV  
  105  10:45  Refinery  
  105  10:46  SCV  
  105  10:48  Refinery  
  106  10:58  SCV  
  107  11:09  Planetary Fortress  
  107  11:10  SCV  
  108  11:14  Battlecruiser  
  90  11:34  SCV  
  91  11:40  Siege Tank  
  91  11:41  Siege Tank  
  91  11:46  SCV  
  98  11:58  SCV  
  87  12:10  SCV  
  87  12:12  Siege Tank  
  82  12:22  SCV  
  82  12:34  SCV  
  82  12:47  SCV  
Tags
 
Composition
Mech
League
Platinum
Matchup
TvZ
Spawn Locations
Cross Positions
Add a new tag
Caveats
  • Supply blocks, unpowered buildings, or Contaminate may cause inaccurate times.
  • Supply counts are checked every 10 seconds.